 Dungeon Crawl Stone Soup version 0.30-a0-371-gad7725a93e (webtiles) character file.

Game seed: 2429553227113055756

58 Engwar the Cudgeller (level 3, -1/49 HPs)
             Began as an Armataur Berserker on Nov 22, 2022.
             Was a Believer of Trog.
             Killed from afar by a white imp (8 damage)
             ... with a puff of frost
             ... summoned by Natasha
             ... on level 2 of the Dungeon.
             The game lasted 00:01:44 (1112 turns).

Engwar the Cudgeller (Armataur Berserker)           Turns: 1112, Time: 00:01:44

Health: -1/49      AC:  4    Str: 24    XL:     3   Next: 75%
Magic:  3/3        EV:  9    Int:  7    God:    Trog [**....]
Gold:   77         SH:  0    Dex:  9    Spells: 2/2 levels left

rFire   . . .      SeeInvis .    a - +0 mace
rCold   . . .      Faith    .    (no shield)
rNeg    . . .      Spirit   .    b - +0 animal skin
rPois   .          Reflect  .    (no helmet)
rElec   .          Harm     .    (no cloak)
rCorr   .          Roll     +    (no gloves)
Will    .....                    (no barding)
Stlth   ..........               (no amulet)
HPRegen 0.28/turn                (no ring)
MPRegen 0.08/turn                (no ring)

@: berserking, very quick
A: large, rugged brown scales 3, deformed body, armoured tail, roll, long
tongue, awkward tongue
a: Renounce Religion, Berserk, Trog's Hand


You were on level 2 of the Dungeon.
You worshipped Trog.
Trog was pleased with you.
You visited 1 branch of the dungeon, and saw 2 of its levels.

You collected 77 gold pieces.

Inventory:

Hand Weapons
 a - a +0 mace (weapon)
Armour
 b - a +0 animal skin (worn)
Scrolls
 c - 2 scrolls of identify {unknown}
 d - a scroll of teleportation {unknown}
 g - a scroll of fog {unknown}
 h - a scroll of fear {unknown}
Potions
 e - 3 potions of haste
 f - a potion of magic {unknown}


   Skills:
 + Level 3.2 Fighting
 * Level 3.6 Maces & Flails
 + Level 3.2 Armour
 - Level 1.3 Dodging


You had 2 spell levels left.
You didn't know any spells.
Your spell library was empty.

Dungeon Overview and Level Annotations

Branches:
Dungeon (2/15)

Altars:

Annotations:
D:2 Natasha


Innate Abilities, Weirdness & Mutations

You are completely covered in rugged brown scales. (AC +3, +7% HP)
Armour fits poorly on your strangely shaped body.
You have a long armoured tail.
You roll when moving toward enemies. (Rampage)
Your long tongue fully drains potion bottles. (2x potion effects)
Your tongue gives you trouble enunciating. (1.5x scroll delay)


Message History

The hobgoblin hits you.
You barely miss the hobgoblin.
The hobgoblin is almost dead.
The hobgoblin hits you but does no damage.
The crimson imp blinks!
The hobgoblin attacks as you move away! The hobgoblin barely misses you.
Natasha casts a spell.
You barely miss the hobgoblin.
The hobgoblin is almost dead.
The hobgoblin hits you but does no damage. x2
You closely miss the hobgoblin.
The hobgoblin is almost dead.
Natasha howls an incantation.
You feel troubled. The hobgoblin hits you.
You hit the hobgoblin.
You kill the hobgoblin!
Trog accepts your kill.
You closely miss the white imp. The white imp gestures at you.
The puff of frost hits you.
You hit the white imp but do no damage. The white imp gestures at you.
The puff of frost hits you.
* * * LOW HITPOINT WARNING * * *
The white imp closely misses you.
You barely miss the white imp.
Your tail-slap misses the white imp.
The white imp disappears in a puff of smoke!
Natasha mumbles some strange words.
The white imp hits you but does no damage.
A red film seems to cover your vision as you go berserk!
You feel yourself moving faster!
You feel mighty! The white imp gestures at you. The puff of frost hits you!
* * * LOW HITPOINT WARNING * * *
You barely miss the white imp. You tail-slap the white imp!
The white imp is almost dead.
The white imp gestures at you. The puff of frost hits you!
You die...

#........... #.#.........
#.#.######## ### #.#.# #..
###### #.#.# #.# #.....
#.#.# #†# #..... #.#.# #.#
##.....######.#.# #.#
.......55h5@..#.# #.#
##.....########†##########.'
#..... #..........### #....K
##########.##. #..g.. #.##.
#..... #.##. #..... #.##.
#..... #.### #.#..


You could see Natasha (fast), a crimson imp (summoned) and 2 white imps.

Vanquished Creatures
  An adder (D:2)
  2 worms (D:2)
  2 dart slugs (D:1)
  2 endoplasms
  2 giant cockroaches (D:1)
  2 goblins
  4 hobgoblins
  5 jackals (D:1)
  3 quokkas
  4 ball pythons
  3 frilled lizards (D:1)
  6 kobolds
  2 rats
38 creatures vanquished.

Notes
Turn   | Place    | Note
-------+----------+-------------------------------------------
     0 | D:1      | Engwar the Armataur Berserker began the quest for the Orb.
     0 | D:1      | Reached XP level 1. HP: 19/19 MP: 1/1
   137 | D:1      | Reached XP level 2. HP: 16/26 MP: 2/2
   515 | D:1      | Reached XP level 3. HP: 33/33 MP: 3/3
   798 | D:2      | Reached ** piety under Trog
  1089 | D:2      | Noticed Natasha
  1112 | D:2      | Killed from afar by a white imp

Illustrated notes

Levels and vault maps discovered:
D:1:      tarquinn_simple_flora_water_f, layout_basic
D:2:      minmay_chambers_of_ones, layout_basic, uniq_jessica, uniq_natasha

Skill      XL: |  1  2 |
---------------+-------+-----
Maces & Flails | 3 |  3.6
Fighting       | 3 |  3.2
Armour         | 3 |  3.2
Dodging        | |  1.3

Action                   || total
-------------------------++-------
Melee: Mace              ||    98
       Tailslap          ||    15
       Punch             ||     2
Invok: Berserk           ||     1
 Stab: Sleeping          ||     1
Armor: Animal skin       ||    30
Dodge: Dodged            ||    38

Table legend: (Time is in decaauts)
 A = Elapsed time spent in this place.
 B = Non-inter-level travel time spent in this place.
 C = Inter-level travel time spent in this place.
 D = Time resting spent in this place.
 E = Time spent auto-exploring this place.
 F = Levels seen in this place.
 G = Mean time per level.
                   A        B        C        D        E       F      G
               +--------+--------+--------+--------+--------+-----+--------+
         Total |   1134 |   1124 |     10 |      2 |    906 |   2 |  567.0 |
       Dungeon |   1134 |   1124 |     10 |      2 |    906 |   2 |  567.0 |
               +--------+--------+--------+--------+--------+-----+--------+

Top non-repeatable levels by time:
     D:1: 711 daAuts
     D:2: 423 daAuts
